 Dungeon Crawl Stone Soup version 0.30-a0-779-g7971cf19c3 (webtiles) character file.

Game seed: 8003288756607804797

42 DskReedErrur the Skirmisher (level 3, -20/28 HPs)
             Began as a Gnoll Wanderer on Feb 17, 2023.
             Killed by an exploding orc (26 damage)
             ... ignited by their inner flame
             ... on level 2 of the Dungeon.
             The game lasted 00:10:20 (930 turns).

DskReedErrur the Skirmisher (Gnoll Wanderer)         Turns: 930, Time: 00:10:20

Health: -20/28     AC:  6    Str: 13    XL:     3   Next: 54%
Magic:  4/4        EV: 11    Int: 14    God:
Gold:   81         SH:  0    Dex: 10    Spells: 0/3 levels left

rFire   . . .      SeeInvis .    a - +1 shortbow
rCold   . . .      Faith    .    (shield currently unavailable)
rNeg    . . .      Spirit   .    c - +0 ring mail
rPois   +          Reflect  .    (no helmet)
rElec   .          Harm     .    (no cloak)
rCorr   .          Rampage  .    (no gloves)
Will    .....                    (no boots) Stlth
                                 (no amulet)
HPRegen 0.24/turn                (no ring)
MPRegen 0.09/turn                (no ring)

@: confused, ambrosia-drunk
A: fangs 1, strong nose, distributed training, clever 1, mutation resistance 1,
poison resistance
a: no special abilities


You were on level 2 of the Dungeon.
You visited 1 branch of the dungeon, and saw 2 of its levels.

You collected 81 gold pieces.

Inventory:

Hand Weapons
 a - a +1 shortbow (weapon)
 b - a +0 quarterstaff
Armour
 c - a +0 ring mail (worn)
Magical Staves
 f - a staff of poison
Potions
 d - a potion of brilliance


   Skills:
 + Level 2.6 Fighting
 + Level 0.9 Short Blades
 + Level 0.9 Long Blades
 + Level 0.9 Axes
 + Level 0.9 Maces & Flails
 + Level 0.9 Polearms
 + Level 2.6 Staves
 + Level 8.5 Ranged Weapons
 + Level 0.9 Throwing
 + Level 4.5 Armour
 + Level 2.6 Dodging
 + Level 0.9 Stealth
 + Level 0.9 Shields
 + Level 0.9 Unarmed Combat
 + Level 0.9 Spellcasting
 + Level 0.6 Conjurations
 + Level 0.6 Hexes
 + Level 0.6 Summonings
 + Level 0.6 Necromancy
 + Level 0.6 Translocations
 + Level 0.6 Transmutations
 + Level 0.6 Fire Magic
 + Level 0.6 Ice Magic
 + Level 0.6 Air Magic
 + Level 0.6 Earth Magic
 + Level 0.6 Poison Magic
 + Level 1.0 Invocations
 + Level 2.6 Evocations


You couldn't memorise any spells.
You knew the following spells:

 Your Spells              Type           Power      Damage    Failure   Level
a - Summon Guardian Gole  Hex/Summ       2%         N/A       77%         3

Your spell library contained the following spells:

 Spells                   Type           Power      Damage    Failure   Level
 Orb of Destruction       Conj           1%         9d5       100%        7
 Spellforged Servitor     Conj/Summ      1%         N/A       100%        7


Dungeon Overview and Level Annotations

Branches:
Dungeon (2/15)

Altars:

Shops:
D:1 ([=[?


Innate Abilities, Weirdness & Mutations

You have very sharp teeth.
Your uncanny sense of smell can sniff out nearby items.
Your experience applies equally to all skills.
Your mind is acute. (Int +4, Str/Dex -1)
You are somewhat resistant to further mutation.
Your system is resistant to poisons. (rPois)


Message History

You shoot an arrow.
The arrow closely misses the orc priest.
You hear a shout!
The orc priest mumbles some strange prayers to Beogh against you.
Pain shoots through your body!
Ouch! That really hurt!
The orc hits you but does no damage. The orc priest misses you.
The orc hits you with a +0 club.
An orc comes into view. It is wielding a +0 club.
As you read the scroll labelled ECAULI POZUUSCH, it crumbles to dust.
The creatures around you are filled with an inner flame!
It was a scroll of immolation.
The orc priest hits you but does no damage.
The orc hits you with a +0 club.
* * * LOW HITPOINT WARNING * * *
The orc misses you.
As you read the scroll labelled HAMORO VUGOKITUEMI, it crumbles to dust.
Wisps of shadow whirl around you...
It was a scroll of summoning.
The orc barely misses you.
The orc priest hits you but does no damage.
The orc barely misses you.
It was a potion of mutation.
You feel extremely strange.
You feel resistant to poisons.
You feel genetically stable.
You feel clever.
Your giant cockroach barely misses the orc.
The orc barely misses you.
Your kobold barely misses the orc priest.
The orc barely misses you.
The orc priest calls down the wrath of Beogh upon you.
Pain shoots through your body!
* * * LOW HITPOINT WARNING * * *
It was a potion of ambrosia.
You are confused.
You feel invigorated.
Your giant cockroach bites the orc.
Flame seeps out of the orc.
The orc hits you with a +0 club.
* * * LOW HITPOINT WARNING * * *
The orc is engulfed in blazing flames.
The orc explodes!
The fiery explosion engulfs you!!
Ouch! That really hurt!
You die...

## ## #. ... ... ###.
.... .... #... ##..
)#.# ..#.##... ...#
####.#..§B# ...#
#....##o○K## ...#
#####.#..##@oo.#
...###..........S##.#
.......####....### ∆
......#............
......#......####..#
.PP..##.####.# .#
.♣♣P....# ...# #
.PP....###....#
...............


You could see an orc priest (inner flame, ally target), 2 orcs, a friendly adder
(summoned), a friendly giant cockroach (summoned) and a friendly kobold
(summoned).

Vanquished Creatures
  2 dart slugs
  2 orcs (D:2)
  4 ball pythons
  3 endoplasms (D:1)
  A giant cockroach (D:1)
  3 goblins
  2 hobgoblins (D:1)
  A jackal (D:2)
  4 kobolds
  3 quokkas (D:1)
  4 bats
  5 frilled lizards
  A rat (D:1)
35 creatures vanquished.

Notes
Turn   | Place    | Note
-------+----------+-------------------------------------------
     0 | D:1      | DskReedErrur the Gnoll Wanderer began the quest for the
                  | Orb.
     0 | D:1      | DskReedErrur set off with the following items: a +0
                  | shortbow, a +0 quarterstaff, a +0 ring mail, a potion of
                  | brilliance.
     0 | D:1      | Reached XP level 1. HP: 17/17 MP: 1/1
   109 | D:1      | Found Laydat's Magic Scroll Emporium.
   139 | D:1      | Found Ecuwirul's Armour Boutique.
   175 | D:1      | Found Guolan's Jewellery Emporium.
   200 | D:1      | Reached XP level 2. HP: 23/23 MP: 2/2
   295 | D:1      | Found Qioth's Weapon Shoppe.
   364 | D:1      | Found Vaubijax's Antique Armour Shoppe.
   377 | D:1      | Reached XP level 3. HP: 28/28 MP: 3/3
   832 | D:2      | Learned a level 3 spell: Summon Guardian Golem
   873 | D:2      | Reached skill level 1 in Invocations
   929 | D:2      | Gained mutation: Your system is resistant to poisons.
                  | (rPois) [potion of mutation]
   929 | D:2      | Gained mutation: You are somewhat resistant to further
                  | mutation. [potion of mutation]
   929 | D:2      | Gained mutation: Your mind is acute. (Int +4, Str/Dex -1)
                  | [potion of mutation]
   930 | D:2      | Killed by an exploding orc... ignited by their inner flame

Illustrated notes

Levels and vault maps discovered:
D:1:      minmay_arrival_loop, layout_basic, serial_shops,
          nicolae_shop_advertising_works [nicolae_subvault_shop_adworks],
          nicolae_square_shop, nicolae_shop_waterfront, shop, shop
D:2:      layout_rooms, serial_forest, infiniplex_forest_corner_2,
          infiniplex_forest_straight_3, infiniplex_forest_fountain,
          infiniplex_forest_clump_cross, infiniplex_forest_split,
          infiniplex_forest_lined_room_3, infiniplex_forest_clump_tiny,
          minmay_hexomino_p4

Skill      XL: |  1  2  3 |
---------------+----------+-----
Invocations    | 1 |  1.0
Fighting       | |  2.6
Short Blades   | |  0.9
Long Blades    | |  0.9
Axes           | |  0.9
Maces & Flails | |  0.9
Polearms       | |  0.9
Staves         | |  2.6
Ranged Weapons | |  8.5
Throwing       | |  0.9
Armour         | |  4.5
Dodging        | |  2.6
Stealth        | |  0.9
Shields        | |  0.9
Unarmed Combat | |  0.9
Spellcasting   | |  0.9
Conjurations   | |  0.6
Hexes          | |  0.6
Summonings     | |  0.6
Necromancy     | |  0.6
Translocations | |  0.6
Transmutations | |  0.6
Fire Magic     | |  0.6
Ice Magic      | |  0.6
Air Magic      | |  0.6
Earth Magic    | |  0.6
Poison Magic   | |  0.6
Evocations     | |  2.6

Action                     || total
---------------------------++-------
   Fire: Shortbow          ||    84
    Use: Scroll            ||     3
         Potion            ||     2
 Armour: Ring mail         ||    22
  Dodge: Dodged            ||    28

Table legend: (Time is in decaauts)
 A = Elapsed time spent in this place.
 B = Non-inter-level travel time spent in this place.
 C = Inter-level travel time spent in this place.
 D = Time resting spent in this place.
 E = Time spent auto-exploring this place.
 F = Levels seen in this place.
 G = Mean time per level.
                   A        B        C        D        E       F      G
               +--------+--------+--------+--------+--------+-----+--------+
         Total |    945 |    925 |     20 |      0 |    724 |   2 |  472.5 |
       Dungeon |    945 |    925 |     20 |      0 |    724 |   2 |  472.5 |
               +--------+--------+--------+--------+--------+-----+--------+

Top non-repeatable levels by time:
     D:1: 833 daAuts
     D:2: 111 daAuts
